 Dungeon Crawl Stone Soup version 0.28-a0-722-gc0678643b6 (webtiles) character file.

Game seed: 10659132473502596020

67 Lekart the Skirmisher (level 4, -4/40 HPs)
             Began as a Draconian Monk on Oct 24, 2021.
             Slain by Sigmund (14 damage)
             ... on level 2 of the Dungeon.
             The game lasted 00:02:02 (1623 turns).

Lekart the Skirmisher (Draconian Monk)              Turns: 1623, Time: 00:02:02

Health: -4/40      AC:  5    Str: 14    XL:     4   Next: 0%
Magic:  4/4        EV: 10    Int: 10    God:
Gold:   81         SH:  7    Dex: 14    Spells: 1/3 levels left

rFire   . . .      SeeInvis .   a - +0 falchion
rCold   . . .      Faith    .   b - +0 kite shield
rNeg    . . .      Spirit   .   (armour unavailable)
rPois   .          Reflect  .   d - +0 hat
rElec   .          Harm     .   (no cloak)
rCorr   .          Rampage  .   (no gloves)
Will    .....                   (no boots)
Stlth   ++........              (no amulet)
HPRegen 0.13/turn               (no ring)
MPRegen 0.09/turn               (no ring)

@: no status effects
A: AC +5, unfitting armour, cold-blooded
a: no special abilities


You were on level 2 of the Dungeon.
You visited 1 branch of the dungeon, and saw 2 of its levels.

You collected 81 gold pieces.

Inventory:

Hand Weapons
 a - a +0 falchion (weapon)
Armour
 b - a +0 kite shield (worn)
 d - a +0 hat (worn)


   Skills:
 + Level 3.8 Fighting
 + Level 3.7 Long Blades
 + Level 3.3 Dodging
 - Level 1.7 Stealth
 * Level 1.0 Shields
 * Level 0.1 Earth Magic


You had one spell level left.
You knew the following spells:

 Your Spells              Type           Power      Damage    Failure   Level
a - Passwall              Tmut/Erth      0%         N/A       98%         2

Your spell library contained the following spells:

 Spells                   Type           Power      Damage    Failure   Level
 Sandblast                Erth           0%         2d4       92%         1
 Stone Arrow              Conj/Erth      0%         3d7       100%        3


Dungeon Overview and Level Annotations

Branches:
Dungeon (2/15)

Altars:

Annotations:
D:2 Sigmund


Innate Abilities, Weirdness & Mutations

Your plain brown scales are hard. (AC +5)
You cannot fit into any form of body armour.
You are cold-blooded and may be slowed by cold attacks.


Message History

Sigmund hits you with a +2 vampiric scythe!
Sigmund draws strength from your wounds!
You barely miss Sigmund.
Sigmund is lightly wounded.
Sigmund gestures at you while chanting. The magic dart hits you!
You hit Sigmund. You tail-slap Sigmund.
Sigmund is moderately wounded.
Sigmund closely misses you.
You closely miss Sigmund.
Your tail-slap misses Sigmund.
Sigmund is moderately wounded.
Sigmund hits you with a +2 vampiric scythe.
Sigmund draws strength from your wounds!
You are too injured to fight recklessly!
You are too injured to fight recklessly!
You aren't carrying any potions.
You aren't carrying any scrolls.
You hit Sigmund.
Sigmund is heavily wounded.
You block Sigmund's attack.
You barely miss Sigmund.
Sigmund is heavily wounded.
Sigmund gestures at you while chanting. The puff of flame hits you.
You hit Sigmund.
You tail-slap Sigmund, but do no damage.
Sigmund is heavily wounded.
You block Sigmund's attack.
You hit Sigmund.
Sigmund is severely wounded.
Sigmund hits you with a +2 vampiric scythe.
* * * LOW HITPOINT WARNING * * *
Sigmund draws strength from your wounds!
You hit Sigmund.
Sigmund is almost dead.
Sigmund drinks a potion.
Sigmund is healed!
You hit Sigmund. You tail-slap Sigmund.
Sigmund is almost dead.
Sigmund hits you with a +2 vampiric scythe!
You die...

####### #.....#
#.##.....#
#...).@..# #...@.#
#.....#######.
###.##........
#.##.####.## #.##.#
#.##.# #######
#.##.####.# #.....#
#..#......##
#.....###..........#


You could see Sigmund.

Vanquished Creatures
  An adder (D:2)
  A gnoll (D:1)
  A dart slug (D:1)
  5 ball pythons
  7 endoplasms
  A giant cockroach (D:1)
  5 goblins
  3 hobgoblins
  4 jackals (D:1)
  2 kobolds (D:1)
  4 quokkas (D:1)
  2 bats
  A frilled lizard (D:1)
  4 rats
41 creatures vanquished.

Notes
Turn   | Place    | Note
-------+----------+-------------------------------------------
     0 | D:1      | Lekart the Draconian Monk began the quest for the Orb.
     0 | D:1      | Reached XP level 1. HP: 19/19 MP: 1/1
    38 | D:1      | Reached XP level 2. HP: 4/26 MP: 2/2
   931 | D:1      | Reached XP level 3. HP: 27/33 MP: 3/3
  1338 | D:2      | Reached skill level 1 in Shields
  1492 | D:2      | Learned a level 2 spell: Passwall
  1572 | D:2      | Reached XP level 4. HP: 35/40 MP: 4/4
  1605 | D:2      | Noticed Sigmund
  1623 | D:2      | Slain by Sigmund

Illustrated notes

Levels and vault maps discovered:
D:1:      minmay_arrival_arboretum_small, layout_basic, dk_noncrumbling_2
D:2:      layout_loops_ring, chequers_ecumenical_altar_grove,
          due_unseen_surprise, uniq_jessica, uniq_sigmund

Skill      XL: |  1  2  3 |
---------------+----------+-----
Dodging        | 3 |  3.3
Shields        | 1 |  1.0
Fighting       | |  3.8
Long Blades    | |  3.7
Stealth        | |  1.7
Earth Magic    | |  0.1

Action                   |  1- 3 |  4- 6 || total
-------------------------+-------+-------++-------
Melee: Falchion          |   105 |    15 ||   120
       Tailslap          |    12 |     3 ||    15
  Use: Potion            |     3 |       ||     3
       Scroll            |     1 |       ||     1
 Stab: Sleeping          |     7 |       ||     7
Armor: Skin              |    47 |       ||    47
Dodge: Dodged            |    81 |     6 ||    87
Block: Kite shield       |    33 |     2 ||    35

Table legend: (Time is in decaauts)
 A = Elapsed time spent in this place.
 B = Non-inter-level travel time spent in this place.
 C = Inter-level travel time spent in this place.
 D = Time resting spent in this place.
 E = Time spent auto-exploring this place.
 F = Levels seen in this place.
 G = Mean time per level.
                   A        B        C        D        E       F      G
               +--------+--------+--------+--------+--------+-----+--------+
         Total |   1669 |   1647 |     22 |    307 |    997 |   2 |  834.5 |
       Dungeon |   1669 |   1647 |     22 |    307 |    997 |   2 |  834.5 |
               +--------+--------+--------+--------+--------+-----+--------+

Top non-repeatable levels by time:
     D:1: 1357 daAuts
     D:2: 311 daAuts
